 Dungeon Crawl Stone Soup version 0.30-a0-368-g86fb4627a9 (webtiles) character file.

Game seed: 150543377779669112

2615 JOEMAMA2 the Cleaver (level 9, 0/64 HPs)
             Began as a Minotaur Berserker on Nov 19, 2022.
             Was a Believer of Trog.
             Slain by koil's ghost (23 damage)
             ... on level 7 of the Dungeon.
             The game lasted 00:16:37 (26800 turns).

JOEMAMA2 the Cleaver (Minotaur Berserker)          Turns: 26800, Time: 00:16:38

Health: 0/64       AC: 15    Str: 32    XL:     9   Next: 34%
Magic:  8/8        EV: 14    Int:  4    God:    Trog [**....]
Gold:   344        SH:  4    Dex: 10    Spells: 8/8 levels left

rFire   . . .      SeeInvis .    v - +0 war axe
rCold   . . .      Faith    +    o - +0 buckler
rNeg    . . .      Spirit   .    m - +1 chain mail
rPois   .          Reflect  .    z - +1 hat
rElec   .          Harm     .    (no cloak)
rCorr   .          Rampage  .    t - +0 pair of gloves
Will    .....                    y - +0 pair of boots
Stlth   ..........               e - amulet of faith
HPRegen 0.30/turn                f - +4 ring of evasion
MPRegen 0.11/turn                b - +6 ring of strength

@: lethally poisoned (0 -> -1), on berserk cooldown, slowed, very slow
A: horns 2, retaliatory headbutt
a: Renounce Religion, Berserk, Trog's Hand


You were on level 7 of the Dungeon.
You worshipped Trog.
Trog was pleased with you.
You visited 2 branches of the dungeon, and saw 8 of its levels.

You collected 499 gold pieces.
You spent 155 gold pieces at shops.

Inventory:

Hand Weapons
 v - a +0 war axe (weapon)
Armour
 j - the +0 leather armour "Zavam" {Fly rPois Will++ Stlth-}
   (You found it on level 5 of the Dungeon)

   rPois:     It protects you from poison.
   Fly:       It grants you flight.
   Will:      It greatly increases your willpower.
   Stlth:     It makes you less stealthy.
 m - a +1 chain mail (worn)
 o - a +0 buckler (worn)
 t - a +0 pair of gloves (worn)
 y - a +0 pair of boots (worn)
 z - a +1 hat (worn)
Jewellery
 b - a +6 ring of strength (right hand)
 e - an amulet of faith (around neck)
 f - a +4 ring of evasion (left hand)
 x - a +6 ring of dexterity
Wands
 a - a wand of flame (15)
Scrolls
 c - 2 scrolls of teleportation
 d - 3 scrolls of identify
 i - 4 scrolls of butterflies
 l - 3 scrolls of vulnerability {unknown}
 n - a scroll of summoning
 r - 2 scrolls of enchant weapon
 u - a scroll of magic mapping
Potions
 g - 2 potions of attraction
 h - a potion of haste
 k - a potion of resistance
 p - a potion of invisibility {unknown}
 q - a potion of heal wounds
 s - a potion of curing {unknown}
 w - 2 potions of brilliance


   Skills:
 + Level 7.0 Fighting
 + Level 10.6 Axes
 + Level 8.4 Armour
 + Level 4.0 Dodging
 + Level 1.3 Stealth
 + Level 3.4 Shields


You had 8 spell levels left.
You didn't know any spells.
Your spell library was empty.

Dungeon Overview and Level Annotations

Branches:
Dungeon (7/15)             Temple (1/1) D:5

Altars:
Ashenzari
Cheibriados
Dithmenos
Fedhas
Hepliaklqana
Kikubaaqudgha
Makhleb
Nemelex Xobeh
Okawaru
Qazlal
Ru
Sif Muna
Trog
Uskayaw
Vehumet
Xom
Yredelemnul
Zin
The Shining One

Shops:
D:4 =:[?!

Annotations:
D:7 1 transporter, koil's ghost, novice TrBe


Innate Abilities, Weirdness & Mutations

You have a pair of horns on your head.
You reflexively headbutt those who attack you in melee.


Message History

Your Fighting skill increases to level 7!
Your Dodging skill increases to level 4!
You slash koil's ghost! You headbutt koil's ghost!
Koil's ghost is moderately damaged.
You hit the ice beast but do no damage. You hit the water moccasin.
You feel sick. The water moccasin closely misses you. Koil's ghost hits you!!
The ice beast misses you. The water moccasin closely misses you.
You closely miss koil's ghost.
Koil's ghost is moderately damaged.
You closely miss the water moccasin. You hit the ice beast.
You are no longer berserk.
You are exhausted.
You feel yourself slow down.
You feel sick. The water moccasin barely misses you.
You block koil's ghost's attack. You block the ice beast's attack.
You barely miss koil's ghost. Your headbutt misses koil's ghost.
Koil's ghost is moderately damaged.
You hit the water moccasin. You hit the ice beast but do no damage.
You feel sick. The water moccasin barely misses you. You furiously retaliate!
You headbutt the water moccasin!
The water moccasin bites you but does no damage. x2
Koil's ghost hits you but does no damage.
The ice beast hits you but does no damage.
The water moccasin barely misses you. You furiously retaliate!
You headbutt the water moccasin! Koil's ghost hits you!
The ice beast barely misses you.
You hit koil's ghost but do no damage. You headbutt koil's ghost!
Koil's ghost is moderately damaged.
You hit the water moccasin. You closely miss the ice beast.
You feel sick. The water moccasin barely misses you.
The water moccasin bites you. Koil's ghost hits you!!
* * * LOW HITPOINT WARNING * * *
The water moccasin bites you but does no damage.
The ice beast misses you. You furiously retaliate!
You headbutt the ice beast.
You can't go up here!
You feel much better.
You feel sick. The water moccasin barely misses you.
The water moccasin completely misses you.
You furiously retaliate!
You headbutt the water moccasin. Koil's ghost hits you!!
You die...

##.....###..#
##..#####.##.## ##
#..##......#..##.#
#.##....#..##.#..#
#.#S..#...#.#.#..# ##
##.##..##.#. #....#
##..####..©#.#...#.##....#
#.........##...SY#!#.....#
#.........# #@.=(#©....#
#.........#.#..W#.$#.....#
..........##.#.....##....#
....)......#...#.#..#....#
...........#...#.#..#....#
.......###.#.......##...##
####### #.###.F.###....#
#...#####.....##
###.......#..##


You could see a water moccasin (berserk), an ice beast and koil's ghost.

Vanquished Creatures
  A moth of wrath (D:7)
  A steam dragon (D:7)
  Duvessa (D:6)
  An orc warrior (D:7)
  3 black bears
  3 ogres
  2 centaurs
  A kobold brigand (D:7)
  2 bullfrogs
  A scorpion (D:4)
  Dowan (D:6)
  5 killer bees (D:7)
  4 hounds
  A jelly (D:5)
  Crazy Yiuf (D:5)
  6 iguanas
  2 orc priests
  A gnoll bouda (D:6)
  3 orc wizards
  Robin (D:3)
  5 gnolls (D:6)
  3 adders
  2 shadow imps
  A white imp (D:5)
  An ufetubus (D:4)
  3 dart slugs
  19 orcs
  10 ball pythons
  6 endoplasms
  2 giant cockroaches
  15 goblins
  13 hobgoblins
  2 jackals (D:1)
  10 kobolds
  4 quokkas
  6 bats
  11 frilled lizards
  6 rats
160 creatures vanquished.

Vanquished Creatures (others)
  8 plants (D:4)
8 creatures vanquished.

Grand Total: 168 creatures vanquished

Notes
Turn   | Place    | Note
-------+----------+-------------------------------------------
     0 | D:1      | JOEMAMA2 the Minotaur Berserker began the quest for the
                  | Orb.
     0 | D:1      | Reached XP level 1. HP: 19/19 MP: 0/0
   126 | D:1      | Reached XP level 2. HP: 12/27 MP: 1/1
   266 | D:1      | Reached skill level 4 in Axes
   314 | D:1      | Reached ** piety under Trog
   322 | D:1      | HP: 1/27 [hobgoblin (3)]
   334 | D:1      | You fall into a shaft and drop 1 floor!
   560 | D:2      | Reached XP level 3. HP: 34/34 MP: 2/2
  1600 | D:3      | Reached XP level 4. HP: 35/41 MP: 3/3
  1799 | D:3      | Reached skill level 5 in Axes
  1808 | D:3      | Reached *** piety under Trog
  1813 | D:3      | Reached XP level 5. HP: 21/47 MP: 4/4
  2730 | D:4      | Noticed Robin
  2738 | D:3      | Reached skill level 5 in Fighting
  2740 | D:3      | Killed Robin
  2813 | D:4      | Found a blossoming altar of Fedhas.
  2842 | D:4      | Reached skill level 1 in Stealth
  2848 | D:4      | Reached XP level 6. HP: 41/56 MP: 5/5
  2850 | D:4      | Reached **** piety under Trog
  2876 | D:4      | Reached skill level 6 in Axes
  2994 | D:4      | Reached skill level 1 in Shields
  3013 | D:4      | Found Ujaistruops's Book Emporium.
  3087 | D:4      | Found Vext's Armour Emporium.
  3132 | D:4      | Found Ryhumma's Distillery.
  3161 | D:4      | Reached skill level 7 in Axes
  3161 | D:4      | Reached XP level 7. HP: 61/61 MP: 6/6
  3232 | D:4      | Found Fivavan's Jewellery Emporium.
  3271 | D:4      | Found Towneh's Magic Scroll Boutique.
  3642 | D:4      | Bought a +0 pair of boots for 45 gold pieces
  3642 | D:4      | Bought a +1 hat for 110 gold pieces
 22971 | D:4      | Glimpsed the power of Zot.
 23471 | D:4      | Glimpsed the power of Zot.
 23871 | D:4      | Glimpsed the power of Zot.
 23971 | D:4      | Touched by the power of Zot.
 23972 | D:4      | Glimpsed the power of Zot.
 24472 | D:4      | Glimpsed the power of Zot.
 24518 | D:5      | Entered Level 5 of the Dungeon
 24564 | D:5      | Reached skill level 5 in Armour
 24906 | D:5      | Found a runed translucent door.
 24907 | D:5      | Noticed Crazy Yiuf
 24930 | D:5      | Found a staircase to the Ecumenical Temple.
 24943 | D:5      | Identified the +0 leather armour "Zavam" {Fly rPois Will++
                  | Stlth-}
 25127 | D:5      | Killed Crazy Yiuf
 25183 | Temple   | Entered the Ecumenical Temple
 25310 | D:6      | Reached XP level 8. HP: 55/55 MP: 7/7
 25374 | D:6      | Reached skill level 8 in Axes
 25755 | D:6      | Noticed Duvessa
 25755 | D:6      | Noticed Dowan
 25762 | D:6      | Killed Dowan
 25765 | D:6      | Killed Duvessa
 25766 | D:6      | Reached skill level 9 in Axes
 25866 | D:6      | Found a stormy altar of Qazlal.
 26276 | D:7      | Found a sparkling altar of Nemelex Xobeh.
 26334 | D:7      | Reached skill level 10 in Axes
 26334 | D:7      | Reached XP level 9. HP: 61/63 MP: 8/8
 26460 | D:7      | Found a transporter.
 26461 | D:7      | Noticed koil's ghost (novice TrBe)
 26461 | D:7      | Found the ring of the Hare {EV+8}
 26475 | D:7      | Found a transporter.
 26592 | D:7      | Noticed a moth of wrath
 26795 | D:7      | Killed a moth of wrath
 26799 | D:7      | HP: 3/64 [koil's ghost (18)]
 26800 | D:7      | Slain by koil's ghost

Illustrated notes

Levels and vault maps discovered:
D:1:      heliophobic_arrival_dark_side_of_the_moon, layout_rooms
D:2:      layout_rooms, chequers_decorated_corner, minmay_misc_feat_enclosed
D:3:      layout_basic
D:4:      layout_loops_ring, fedhas_altar_2, serial_shops, shop_fountains,
          nicolae_shop_waterfront, nicolae_lakefront_shop,
          nicolae_lakefront_shop, nicolae_shop_advertising_works
          [nicolae_subvault_shop_adworks], minmay_lizard_king, uniq_robin
D:5:      layout_rooms, minmay_temple_entry_antechambers, serial_glass,
          glass_columns_a, glass_columns_b, uniq_crazy_yiuf_cottage
D:6:      layout_rooms, kennysheep_mini, uniq_duvessa
D:7:      layout_cave_pods, nemelex_diamond_rough_becter, serial_shops,
          nicolae_lakefront_shop, gammafunk_ghost_berserking_beasts, uniq_joseph
Temple:   lightli_temple_of_artemis

Skill      XL: |  1  2  3  4  5  6  7  8  9 |
---------------+----------------------------+-----
Fighting       | 4 5 6 7 |  7.0
Axes           | 4 5 7 10 | 10.6
Dodging        | 3 4 |  4.0
Armour         | 3 4 6 7 8 |  8.4
Stealth        | 1 |  1.3
Shields        | 1 3 |  3.4

Action                   |  1- 3 |  4- 6 |  7- 9 || total
-------------------------+-------+-------+-------++-------
Melee: Hand axe          |    93 |    55 |       ||   148
       Headbutt          |    11 |    13 |    20 ||    44
       Punch             |     1 |       |       ||     1
       War axe           |       |    46 |   114 ||   160
Invok: Berserk           |       |     2 |     4 ||     6
  Use: Scroll            |       |    10 |       ||    10
       Potion            |       |       |     6 ||     6
Armor: Animal skin       |    13 |       |       ||    13
       Chain mail        |     8 |    48 |    88 ||   144
Dodge: Dodged            |    84 |    88 |   135 ||   307
Block: Buckler           |     1 |    17 |    42 ||    60

Table legend: (Time is in decaauts)
 A = Elapsed time spent in this place.
 B = Non-inter-level travel time spent in this place.
 C = Inter-level travel time spent in this place.
 D = Time resting spent in this place.
 E = Time spent auto-exploring this place.
 F = Levels seen in this place.
 G = Mean time per level.
                   A        B        C        D        E       F      G
               +--------+--------+--------+--------+--------+-----+--------+
         Total |  26873 |  26277 |    596 |  21448 |   3432 |   8 | 3359.1 |
       Dungeon |  26808 |  26213 |    595 |  21448 |   3432 |   7 | 3829.7 |
        Temple |     64 |     64 |      0 |      0 |      0 |   1 |   64.0 |
               +--------+--------+--------+--------+--------+-----+--------+

Top non-repeatable levels by time:
     D:4: 21800 daAuts
     D:3: 1257 daAuts
     D:2: 907 daAuts
     D:5: 764 daAuts
     D:1: 701 daAuts
     D:6: 697 daAuts
     D:7: 678 daAuts
  Temple: 64 daAuts
